 Dungeon Crawl Stone Soup version 0.26.0-10-g1f06aea511 (webtiles) character file.

Game seed: 17297603925409584504

534 Dracia the Ducker (level 7, -7/56 HPs)
             Began as a Gnoll Gladiator on Jan 14, 2021.
             Mangled by an ogre
             ... wielding a +0 giant club
              (17 damage)
             ... on level 4 of the Dungeon.
             The game lasted 00:05:01 (2855 turns).

Dracia the Ducker (Gnoll Gladiator)                 Turns: 2855, Time: 00:05:02

Health: -7/56      AC: 13    Str: 17    XL:     7   Next: 25%
Magic:  10/10      EV:  8    Int: 12    God:
Gold:   248        SH:  0    Dex: 19    Spells: 10/10 levels left

rFire    . . .     SeeInvis .   s - +10 war axe of Vuetuw {flame, +Blink rC- Dex+3}
rCold    . . .     Faith    .   (no shield)
rNeg     . . .     Spirit   .   v - +0 plate armour {Will+}
rPois    .         Reflect  .   i - +1 helmet
rElec    .         Harm     .   (no cloak)
rCorr    .         Rampage  .   (no gloves)
Will     +....                  (no boots)
Stlth    ..........             g - amulet of regeneration
HPRegen  0.58/turn              C - ring of protection from cold
MPRegen  0.12/turn              (no ring)

@: no status effects
A: distributed training, fangs 1, strong nose
a: Evoke Blink


You were on level 4 of the Dungeon.
You visited 1 branch of the dungeon, and saw 4 of its levels.

You collected 248 gold pieces.


Innate Abilities, Weirdness & Mutations

Your experience applies equally to all skills.
You have very sharp teeth.
Your uncanny sense of smell can sniff out nearby items.


   Skills:
 + Level 5.2 Fighting
 + Level 2.3 Short Blades
 + Level 2.3 Long Blades
 + Level 2.3 Axes
 + Level 2.3 Maces & Flails
 + Level 2.3 Polearms
 + Level 7.0 Staves
 + Level 2.3 Slings
 + Level 2.3 Bows
 + Level 2.3 Crossbows
 + Level 5.2 Throwing
 + Level 2.3 Armour
 + Level 7.0 Dodging
 + Level 2.3 Stealth
 + Level 2.3 Shields
 + Level 2.3 Unarmed Combat
 + Level 2.3 Spellcasting
 + Level 1.9 Conjurations
 + Level 1.9 Hexes
 + Level 1.9 Summonings
 + Level 1.9 Necromancy
 + Level 1.9 Translocations
 + Level 1.9 Transmutations
 + Level 1.9 Fire Magic
 + Level 1.9 Ice Magic
 + Level 1.9 Air Magic
 + Level 1.9 Earth Magic
 + Level 1.9 Poison Magic
 + Level 2.6 Invocations
 + Level 2.3 Evocations


You had 10 spell levels left.
You didn't know any spells.
Your spell library contained the following spells:

 Spells                   Type           Power        Failure   Level
 Animate Skeleton         Necr           12%          99%         1
 Apportation              Tloc           12%          99%         1
 Corona                   Hex            6%           99%         1
 Summon Small Mammal      Summ           24%          99%         1

Inventory:

Hand Weapons
 a - a +0 quarterstaff of freezing
 s - the +10 war axe of Vuetuw (weapon) {flame, +Blink rC- Dex+3}
   (You found it on level 4 of the Dungeon)

   It has been specially enchanted to burn those struck by it, causing extra
   injury to most foes and up to half again as much damage against particularly
   susceptible opponents.
   Big, fiery blades are also staple armaments of hydra-hunters.
   It affects your dexterity (+3).
   It makes you vulnerable to cold.
   It lets you blink.
Missiles
 d - 3 throwing nets (quivered) {=f=f}
 h - 5 datura-tipped darts
 n - 13 poisoned darts
Armour
 b - a +0 leather armour
 i - a +1 helmet (worn)
 v - a +0 plate armour of willpower (worn)
Jewellery
 c - an uncursed ring of protection from cold
 g - an amulet of regeneration (around neck)
 t - an uncursed ring of teleportation
 C - a ring of protection from cold (left hand)
 I - a +6 ring of intelligence
Wands
 q - a wand of iceblast (12)
Scrolls
 f - 5 scrolls of identify {@r1@r1}
 j - 3 scrolls of remove curse {@r2@r2}
 l - a scroll of enchant armour
 m - a scroll of teleportation {@r4@r4}
 p - a scroll of fog
 u - a scroll of immolation {unknown}
 x - a scroll of magic mapping
 y - a scroll of random uselessness {unknown}
Potions
 e - a potion of curing {@q1@q1}
 k - 2 potions of haste {unknown}
 o - a potion of might {unknown}
 r - a potion of flight {unknown}
 w - a potion of heal wounds {unknown}

Dungeon Overview and Level Annotations

Branches:
Dungeon (4/15)
 Temple: D:4-7

Altars:
Sif Muna
Trog
Yredelemnul

Shops:
D:4

?
#.....#########..##..#....÷.....
#..................8............
#####.############...#####......
#.# ##.÷..........# #.# #######
#...#....#.### #†#
#......####......###.# #.#
#..............####..# #.#
#......##.##..## #.## #..
......O@.)...## ##.# #..
......o####### ##..# #.. .....<.
#..## #........." #.## .......
#.# # ....... ##.# # .######
#..# # #.####### #........


You could see an ogre and an orc.


Message History

An ogre is nearby!
The ogre closely misses you.
An orc comes into view. It is wielding a +0 dagger.
Found an amulet of regeneration.
You slash the ogre! You burn the ogre.
The ogre is moderately wounded.
The ogre barely misses you.
You hit the ogre. You burn the ogre.
The ogre is heavily wounded.
The ogre barely misses you.
You barely miss the ogre.
The ogre is heavily wounded.
The ogre hits you with a +0 giant club!
You completely miss the ogre.
The ogre is heavily wounded.
The ogre hits you with a +0 giant club!!
* * * LOW HITPOINT WARNING * * *
You are too injured to fight recklessly!
You are too injured to fight recklessly!
Unknown command.
You barely miss the ogre.
The ogre is moderately wounded.
The ogre hits you with a +0 giant club!
* * * LOW HITPOINT WARNING * * *
The orc hits you but does no damage.
Unknown command.
You slash the ogre! You burn the ogre.
The ogre is severely wounded.
You barely miss the orc. The ogre hits you with a +0 giant club!
You die...

Skill      XL: |  1  2  3  4  5  6  7 |
---------------+----------------------+-----
Invocations    | 1 2 |  2.6
Short Blades   | 1 2 |  2.3
Long Blades    | 1 2 |  2.3
Axes           | 1 2 |  2.3
Maces & Flails | 1 2 |  2.3
Polearms       | 1 2 |  2.3
Slings         | 1 2 |  2.3
Bows           | 1 2 |  2.3
Crossbows      | 1 2 |  2.3
Armour         | 1 2 |  2.3
Stealth        | 1 2 |  2.3
Shields        | 1 2 |  2.3
Unarmed Combat | 1 2 |  2.3
Spellcasting   | 1 2 |  2.3
Evocations     | 1 2 |  2.3
Conjurations   | 1 |  1.9
Hexes          | 1 |  1.9
Summonings     | 1 |  1.9
Necromancy     | 1 |  1.9
Translocations | 1 |  1.9
Transmutations | 1 |  1.9
Fire Magic     | 1 |  1.9
Ice Magic      | 1 |  1.9
Air Magic      | 1 |  1.9
Earth Magic    | 1 |  1.9
Poison Magic   | 1 |  1.9
Fighting       | 5 |  5.2
Throwing       | 5 |  5.2
Staves         | 7 |  7.0
Dodging        | 7 |  7.0

Action                   |  1- 3 |  4- 6 |  7- 9 || total
-------------------------+-------+-------+-------++-------
Melee: Quarterstaff      |    87 |   154 |       ||   241
       Bite              |     7 |    13 |       ||    20
       War axe           |       |     9 |    10 ||    19
  Use: Scroll            |     6 |     5 |       ||    11
 Stab: Sleeping          |     2 |     3 |       ||     5
       Distracted        |       |     1 |       ||     1
Armor: Leather armour    |    26 |    36 |       ||    62
Dodge: Dodged            |    67 |   112 |     6 ||   185

Levels and vault maps discovered:
D:1:      shiori_arrival_maze, layout_loops_ring, minivault_5,
          palyth_stone_intersect, kennysheep_another_room, nrook_uturn,
          minmay_fountain_box, minmay_quantized
D:2:      layout_rooms, lemuel_doored_altar
D:3:      layout_loops_ring, chequers_ecumenical_altar_island, uniq_jessica
D:4:      layout_rooms, nzn_overflow_gifts_of_might_and_magic, serial_shops,
          nicolae_shop_statue_plus, st_stairs_1, uniq_natasha

Notes
Turn   | Place    | Note
-------+----------+-------------------------------------------
     0 | D:1      | Dracia the Gnoll Gladiator began the quest for the Orb.
     0 | D:1      | Reached XP level 1. HP: 20/20 MP: 1/1
   114 | D:1      | Reached XP level 2. HP: 20/26 MP: 2/2
   743 | D:1      | Reached XP level 3. HP: 31/31 MP: 3/3
  1055 | D:2      | Reached skill level 1 in Invocations
  1064 | D:2      | Reached skill level 1 in Short Blades
  1064 | D:2      | Reached skill level 1 in Long Blades
  1064 | D:2      | Reached skill level 1 in Axes
  1064 | D:2      | Reached skill level 1 in Maces & Flails
  1064 | D:2      | Reached skill level 1 in Polearms
  1064 | D:2      | Reached skill level 1 in Slings
  1064 | D:2      | Reached skill level 1 in Bows
  1064 | D:2      | Reached skill level 1 in Crossbows
  1064 | D:2      | Reached skill level 1 in Armour
  1064 | D:2      | Reached skill level 1 in Stealth
  1064 | D:2      | Reached skill level 1 in Shields
  1064 | D:2      | Reached skill level 1 in Unarmed Combat
  1064 | D:2      | Reached skill level 1 in Spellcasting
  1064 | D:2      | Reached skill level 1 in Evocations
  1118 | D:2      | Reached XP level 4. HP: 38/38 MP: 5/5
  1330 | D:2      | Found a basalt altar of Yredelemnul.
  1517 | D:3      | Reached skill level 1 in Conjurations
  1517 | D:3      | Reached skill level 1 in Hexes
  1517 | D:3      | Reached skill level 1 in Summonings
  1517 | D:3      | Reached skill level 1 in Necromancy
  1517 | D:3      | Reached skill level 1 in Translocations
  1517 | D:3      | Reached skill level 1 in Transmutations
  1517 | D:3      | Reached skill level 1 in Fire Magic
  1517 | D:3      | Reached skill level 1 in Ice Magic
  1517 | D:3      | Reached skill level 1 in Air Magic
  1517 | D:3      | Reached skill level 1 in Earth Magic
  1517 | D:3      | Reached skill level 1 in Poison Magic
  1589 | D:3      | Noticed Jessica
  1602 | D:3      | Found a faded altar of an unknown god.
  1609 | D:3      | Killed Jessica
  1610 | D:3      | Reached XP level 5. HP: 41/43 MP: 5/7
  2226 | D:4      | Noticed a phantom
  2300 | D:4      | Noticed Natasha
  2314 | D:4      | Killed Natasha
  2315 | D:4      | Reached skill level 2 in Invocations
  2315 | D:4      | Reached XP level 6. HP: 43/50 MP: 8/8
  2369 | D:4      | Killed a phantom
  2370 | D:4      | Reached skill level 5 in Fighting
  2370 | D:4      | Reached skill level 2 in Short Blades
  2370 | D:4      | Reached skill level 2 in Long Blades
  2370 | D:4      | Reached skill level 2 in Axes
  2370 | D:4      | Reached skill level 2 in Maces & Flails
  2370 | D:4      | Reached skill level 2 in Polearms
  2370 | D:4      | Reached skill level 2 in Slings
  2370 | D:4      | Reached skill level 2 in Bows
  2370 | D:4      | Reached skill level 2 in Crossbows
  2370 | D:4      | Reached skill level 5 in Throwing
  2370 | D:4      | Reached skill level 2 in Armour
  2370 | D:4      | Reached skill level 2 in Stealth
  2370 | D:4      | Reached skill level 2 in Shields
  2370 | D:4      | Reached skill level 2 in Unarmed Combat
  2370 | D:4      | Reached skill level 2 in Spellcasting
  2370 | D:4      | Reached skill level 2 in Evocations
  2501 | D:4      | Got a bloodstained war axe
  2502 | D:4      | Identified the +10 war axe of Vuetuw {flame, +Blink rC-
                  | Dex+3} (You found it on level 4 of the Dungeon)
  2530 | D:4      | Found Menoag's Magic Scroll Emporium.
  2564 | D:4      | Noticed Natasha
  2566 | D:4      | Killed Natasha
  2643 | D:4      | Found a shimmering blue altar of Sif Muna.
  2649 | D:4      | Reached XP level 7. HP: 56/56 MP: 10/10
  2653 | D:4      | Identified Sif Muna's Catalogue of Captivating Displacement
  2659 | D:4      | Found a bloodstained altar of Trog.
  2666 | D:4      | Reached skill level 7 in Staves
  2666 | D:4      | Reached skill level 7 in Dodging
  2855 | D:4      | Mangled by an ogre

Vanquished Creatures
  An orc warrior (D:4)
  A phantom (D:4)
  A hound (D:3)
  An orc priest (D:3)
  Jessica (D:3)
  Natasha (twice) (D:4)
  An orc wizard (D:4)
  A worker ant (D:4)
  5 adders
  5 oozes
  5 worms (D:3)
  3 leopard geckos
  4 orcs
  4 ball pythons
  10 bats
  3 giant cockroaches
  6 hobgoblins
  5 jackals
  6 kobolds
  5 frilled lizards
  6 goblins
  A jackal skeleton (D:4)
  12 rats
89 creatures vanquished.

Table legend: (Time is in decaauts)
 A = Elapsed time spent in this place.
 B = Non-inter-level travel time spent in this place.
 C = Inter-level travel time spent in this place.
 D = Time resting spent in this place.
 E = Time spent auto-exploring this place.
 F = Levels seen in this place.
 G = Mean time per level.
                   A        B        C        D        E       F      G
               +--------+--------+--------+--------+--------+-----+--------+
         Total |   2872 |   2736 |    136 |     54 |   2056 |   4 |  718.0 |
       Dungeon |   2872 |   2736 |    136 |     54 |   2056 |   4 |  718.0 |
               +--------+--------+--------+--------+--------+-----+--------+

Top non-repeatable levels by time:
     D:1: 977 daAuts
     D:3: 835 daAuts
     D:4: 588 daAuts
     D:2: 470 daAuts

Table legend:
 A = Non-vault XP
 B = Vault XP
 C = Vault XP percentage of total XP
 D = Non-vault monster count
 E = Vault monster count
 F = Vault count percentage of total count
                 A         B        C        D         E       F
            +---------+---------+-------+---------+---------+-------
      Total |     502 |     261 |  34.2 |      78 |      11 |  12.4
            +---------+---------+-------+---------+---------+-------
        D:1 |      36 |       7 |  16.3 |      18 |       4 |  18.2
        D:2 |      69 |       0 |   0.0 |      25 |       0 |   0.0
        D:3 |     165 |      37 |  18.3 |      26 |       1 |   3.7
        D:4 |     232 |     217 |  48.3 |       9 |       6 |  40.0
            +---------+---------+-------+---------+---------+-------
